 Dungeon Crawl Stone Soup version 0.27.1-33-g824d729ab1 (webtiles) character file.

Game seed: 16815029427836862842

90 zeram the Covert (level 4, -2/29 HPs)
             Began as an Octopode Brigand on Dec 21, 2021.
             Slain by Terence (10 damage)
             ... while paralysed by Grinder
             ... on level 3 of the Dungeon.
             The game lasted 00:02:55 (2762 turns).

zeram the Covert (Octopode Brigand)                 Turns: 2762, Time: 00:02:56

Health: -2/29      AC:  1    Str: 10    XL:     4   Next: 56%
Magic:  4/4        EV:  2    Int: 14    God:
Gold:   138        SH:  0    Dex: 13    Spells: 3/3 levels left

rFire    . . .     SeeInvis .   a - +2 dagger
rCold    . . .     Faith    .   (no shield)
rNeg     . . .     Spirit   .   (helmet restricted)
rPois    .         Reflect  .   (no amulet)
rElec    .         Harm     .   (no ring)
rCorr    .         Rampage  .   (no ring)
Will     .....                  (no ring)
Stlth    +++++.....             (no ring)
HPRegen  0.09/turn              (no ring)
MPRegen  0.09/turn              (no ring)
                                (no ring)
                                (no ring)

@: paralysed
A: almost no armour, amphibious, 8 rings, camouflage 1, gelatinous body 1,
(nimble swimmer 1), tentacles
a: no special abilities


You were on level 3 of the Dungeon.
You visited 1 branch of the dungeon, and saw 3 of its levels.

You collected 138 gold pieces.

Inventory:

Hand Weapons
 a - a +2 dagger (weapon)
Missiles
 b - 7 poisoned darts (quivered)
 c - 2 curare-tipped darts
Wands
 j - a wand of iceblast (7)
Scrolls
 d - a scroll of vulnerability
 i - 3 scrolls of teleportation
Potions
 e - a potion of berserk rage


   Skills:
 - Level 2.0 Fighting
 - Level 2.0 Short Blades
 - Level 2.0 Throwing
 - Level 1.0 Dodging
 + Level 8.1 Stealth


You had 3 spell levels left.
You didn't know any spells.
Your spell library was empty.

Dungeon Overview and Level Annotations

Branches:
Dungeon (3/15)

Altars:

Annotations:
D:3 Grinder, Terence


Innate Abilities, Weirdness & Mutations

You cannot wear most types of armour.
You are amphibious.
You can wear up to eight rings at the same time.
Your skin changes colour to match your surroundings (Stealth+).
Your rubbery body absorbs attacks. (AC +1, EV +1)
((You are camouflaged near water. (Stealth+)))
You have tentacles for arms and can constrict up to eight enemies at once.


Message History

You kill the frilled lizard!
You see here a frilled lizard corpse.
You hit Terence but do no damage. You grab Terence.
You constrict Terence, but do no damage.
Terence hits you with a +0 flail!
You hit Terence. You squeeze Terence.
Terence is moderately wounded.
You constrict Terence, but do no damage.
Terence closely misses you.
You hit Terence but do no damage. You squeeze Terence.
Terence is heavily wounded.
You constrict Terence, but do no damage.
Terence hits you with a +0 flail!
You are too injured to fight recklessly!
You release your grip on Terence. 2 orcs come into view.
Throw: 8 darts (poison)
Press: ? - help, Q - select action, (/) - cycle Shift-Dir - straight line, f - Terence
Aim: Terence, wielding a +0 flail and wearing a +0 ring mail (heavily wounded, 63% to hit)
You throw a poisoned dart. The poisoned dart hits Terence.
Terence is poisoned.
Terence is heavily wounded.
Terence closely misses you.
An orc priest comes into view. It is wielding a +0 dagger.
An endoplasm, 2 orcs and Grinder come into view.
Found a yellow potion and 9 gold pieces.
The helpless endoplasm fails to defend itself.
You perforate the endoplasm like a sieve!!!
You kill the endoplasm!
Grinder shouts!
Terence closely misses you.
Grinder blinks!
Terence looks more healthy.
Terence looks scornfully at you.
Grinder blinks!
Grinder gestures at you.
You suddenly lose the ability to move!
Terence hits you with a +0 flail.
* * * LOW HITPOINT WARNING * * *
Terence hits you with a +0 flail!
You die...

....###... ###
#........... ... ###..
.......# .... ......
#.....#####... ......
#............
......##........5###
...................#.#
........oo....@@.#.#.# #
.....#.#####....#.#.#.#
.....#.########.#.#.#.##
..........(..............
.o....#.###..........#.#
o........ +......#...#
.....###. #......#†..#
o.... ..##......#...#
$..! #.######..#...# #.#


You could see Grinder, Terence and 2 orcs.

Vanquished Creatures
  2 adders (D:2)
  An ufetubus (D:3)
  A worm (D:2)
  An orc (D:2)
  7 ball pythons
  5 endoplasms
  2 giant cockroaches
  3 goblins
  6 hobgoblins
  8 jackals
  4 kobolds
  6 quokkas
  5 bats
  2 frilled lizards
  2 rats
55 creatures vanquished.

Notes
Turn   | Place    | Note
-------+----------+-------------------------------------------
     0 | D:1      | zeram the Octopode Brigand began the quest for the Orb.
     0 | D:1      | Reached XP level 1. HP: 14/14 MP: 1/1
   138 | D:1      | Reached XP level 2. HP: 18/19 MP: 2/2
   164 | D:1      | Reached skill level 6 in Stealth
   353 | D:1      | Found a faded altar of an unknown god.
   608 | D:1      | Reached XP level 3. HP: 16/24 MP: 3/3
  1068 | D:1      | Reached skill level 7 in Stealth
  2078 | D:2      | Reached XP level 4. HP: 29/29 MP: 4/4
  2295 | D:2      | Reached skill level 8 in Stealth
  2730 | D:3      | Noticed Terence
  2750 | D:3      | Noticed Grinder
  2760 | D:3      | Paralysed by Grinder for 3 turns
  2762 | D:3      | Slain by Terence

Illustrated notes

Levels and vault maps discovered:
D:1:      matt_arrival_diagonals, layout_loops_corners,
          shapermc_ecumenical_altar_mp_ritualfount, st_stairs_1,
          lemuel_flame_loot_1
D:2:      minmay_chambers_of_twos, layout_loops_ring,
          chequers_serial_rivers_marsh, minmay_misc_feat_cross
D:3:      layout_basic, lemuel_round_altar, minmay_liquid_box, uniq_grinder,
          uniq_natasha, uniq_terence

Skill      XL: |  1  2  3  4 |
---------------+-------------+-----
Stealth        | 6 7 8 |  8.1
Fighting       | |  2.0
Short Blades   | |  2.0
Throwing       | |  2.0
Dodging        | |  1.0

Action                   |  1- 3 |  4- 6 || total
-------------------------+-------+-------++-------
Melee: Dagger            |    74 |    24 ||    98
       Constrict         |    14 |     6 ||    20
       Tentacles         |     6 |     7 ||    13
Throw: Dart              |       |     1 ||     1
  Use: Scroll            |       |     6 ||     6
 Stab: Sleeping          |    16 |     4 ||    20
Armor: Skin              |     4 |       ||     4
Dodge: Dodged            |    42 |    12 ||    54
